 Dungeon Crawl Stone Soup version 0.28-b1-25-g9875b3fc8c (webtiles) character file.

Game seed: 1364763212206324829

1 sanka the Sneak (level 1, 0/20 HPs)
             Began as a Hill Orc Delver on Feb 6, 2022.
             Slain by a water moccasin skeleton (5 damage)
             ... on level 5 of the Dungeon.
             The game lasted 00:00:46 (312 turns).

sanka the Sneak (Hill Orc Delver)                    Turns: 312, Time: 00:00:47

Health: 0/20       AC:  3    Str: 14    XL:     1   Next: 20%
Magic:  1/1        EV: 11    Int: 10    God:
Gold:   22         SH:  0    Dex: 12    Spells: 0/0 levels left

rFire   . . .      SeeInvis .   a - +0 hand axe
rCold   . . .      Faith    .   (no shield)
rNeg    . . .      Spirit   .   b - +0 leather armour
rPois   .          Reflect  .   (no helmet)
rElec   .          Harm     .   (no cloak)
rCorr   .          Rampage  .   (no gloves)
Will    .....                   (no boots)
Stlth   ++........              (no amulet)
HPRegen 0.06/turn               (no ring)
MPRegen 0.07/turn               (no ring)

@: no status effects
A: no striking features
a: no special abilities


You were on level 5 of the Dungeon.
You visited 1 branch of the dungeon, and saw 2 of its levels.

You collected 22 gold pieces.

Inventory:

Hand Weapons
 a - a +0 hand axe (weapon)
Armour
 b - a +0 leather armour (worn)
Wands
 g - a wand of digging (3)
Scrolls
 c - a scroll of fog
 d - a scroll of magic mapping
 e - a scroll of fear
 h - a scroll of teleportation {unknown}
Potions
 f - a potion of haste


   Skills:
 + Level 3.7 Fighting
 - Level 2.6 Axes
 - Level 1.5 Dodging
 - Level 4.1 Stealth


You couldn't memorise any spells.
You didn't know any spells.
Your spell library was empty.

Dungeon Overview and Level Annotations

Branches:
Dungeon (6/15)
 Temple: D:4-7

Altars:


Message History

The water moccasin skeleton barely misses you.
The water moccasin skeleton completely misses you.
The water moccasin skeleton bites you. The water moccasin skeleton misses you.
The water moccasin skeleton bites you.
The water moccasin skeleton closely misses you.
There is a stone staircase leading down here.
The water moccasin skeleton completely misses you.
You climb downwards.
Reactivating autopickup.
Found a mace.
There is a stone staircase leading up here.
Unknown command.
You start resting.
HP restored.
You climb upwards.
The water moccasin skeleton bites you but does no damage.
The water moccasin skeleton barely misses you.
There is a stone staircase leading down here.
Unknown command.
You hit the water moccasin skeleton but do no damage.
The water moccasin skeleton closely misses you.
The water moccasin skeleton bites you.
You hit the water moccasin skeleton.
The water moccasin skeleton is lightly damaged.
The water moccasin skeleton barely misses you.
You slash the water moccasin skeleton!
The water moccasin skeleton is lightly damaged.
The water moccasin skeleton bites you but does no damage.
You hit the water moccasin skeleton.
The water moccasin skeleton is moderately damaged.
The water moccasin skeleton bites you but does no damage.
The water moccasin skeleton bites you.
You slash the water moccasin skeleton!
The water moccasin skeleton is heavily damaged.
The water moccasin skeleton completely misses you.
The water moccasin skeleton bites you.
* * * LOW HITPOINT WARNING * * *
The water moccasin skeleton bites you.
You die...

........ #...............##.
......# ...##..............## .
.....# ..#...............# #
.....# #.##.............## .....#
#..#.............# .....#
#..#............# #...##
#..#...........#### ##...#
##...Z............>### ##..#
###....@................ ###..#
##....###........##.....#
.....####...### ##.....########.#
#.....#....## ##..### ##.#
##......).## #..## #..#
$#.......## ##...# #.##
##......## ####....## ###.##
#........######........#####....#
....................#....#.......


You could see a water moccasin skeleton.

Vanquished Creatures
  A quokka (D:5)
1 creature vanquished.

Notes
Turn   | Place    | Note
-------+----------+-------------------------------------------
     0 | D:5      | sanka the Hill Orc Delver began the quest for the Orb.
     0 | D:5      | Reached XP level 1. HP: 19/19 MP: 1/1
    55 | D:5      | Noticed a sky beast
   114 | D:5      | Noticed a scorpion
   138 | D:5      | Noticed a quasit
   138 | D:5      | Noticed a quasit
   138 | D:5      | Noticed a quasit
   312 | D:5      | Slain by a water moccasin skeleton

Illustrated notes

Levels and vault maps discovered:
D:5:      cheibrodos_quashed, layout_layer_cave,
          minmay_temple_entry_drinking_statues, kennysheep_minor_cross
D:6:      layout_cave_pools, chequers_serial_rivers_micro_b

Action                   || total
-------------------------++-------
Melee: Hand axe          ||     6
  Use: Potion            ||     1
 Stab: Sleeping          ||     1
Armor: Leather armour    ||     4
Dodge: Dodged            ||     9
